EL
ARKANSAS TRAVELERS @ AKRON RUBBERDUCKS
09/23/2048
 
TOP OF THE 1ST
Arkansas Travelers batting - Pitching for Akron RubberDucks : RHP Chris DeVall
Pitching: RHP Chris DeVall
Batting: LHB Larry Prey 0-0: Ground out 4-3 (Groundball, 4, EV 108.8 MPH)
Batting: LHB Griffin Ferris 0-0: Ball
1-0: Called Strike
1-1: Ball
2-1: Foul Ball, location: 2F
2-2: Ball
3-2: Strikes out swinging
Batting: LHB Mark Reeg 0-0: Swinging Strike
0-1: Swinging Strike
0-2: Ball
1-2: Ball
2-2: Strikes out swinging
Top of the 1st over - 0 runs, 0 hits, 0 errors, 0 left on base; Arkansas 0 - Akron 0
BOTTOM OF THE 1ST
Akron RubberDucks batting - Pitching for Arkansas Travelers : RHP Tim Anderson
Pitching: RHP Tim Anderson
Batting: RHB Mitch Boyd 0-0: Ball
1-0: Swinging Strike
1-1: Ball
2-1: Ball
3-1: Called Strike
3-2: Base on Balls
Batting: SHB Jarrod Lindblad 0-0: Ball
1-0: Ball
2-0: Ball
3-0: Base on Balls
Mitch Boyd to second
Batting: SHB Valentin Laporte 0-0: Ball
1-0: Swinging Strike
1-1: Called Strike
1-2: Ball
2-2: Ball
3-2: Strikes out swinging
Batting: RHB Tristan Wright 0-0: Called Strike
0-1: Called Strike
0-2: Strikes out swinging
Batting: LHB Esteban Cordova 0-0: Ball
1-0: Ball
2-0: Foul Ball, location: 2F
2-1: Swinging Strike
2-2: Strikes out swinging
Bottom of the 1st over - 0 runs, 0 hits, 0 errors, 2 left on base; Arkansas 0 - Akron 0
TOP OF THE 2ND
Arkansas Travelers batting - Pitching for Akron RubberDucks : RHP Chris DeVall
Batting: SHB Mario Padron 0-0: Called Strike
0-1: Foul Ball, location: 2F
0-2: Foul Ball, location: 2F
0-2: Strikes out swinging
Batting: RHB Juan Montez 0-0: Called Strike
0-1: Ground out 5-3 (Groundball, 56S, EV 81.9 MPH)
Batting: RHB Ryuji Ito 0-0: Called Strike
0-1: Foul Ball, location: 2F
0-2: Ball
1-2: Ball
2-2: Ball
3-2: Strikes out looking
Top of the 2nd over - 0 runs, 0 hits, 0 errors, 0 left on base; Arkansas 0 - Akron 0
BOTTOM OF THE 2ND
Akron RubberDucks batting - Pitching for Arkansas Travelers : RHP Tim Anderson
Batting: RHB Justin Lauderdale 0-0: Ball
1-0: Ball
2-0: Ball
3-0: SINGLE (Groundball, 5S, EV 62.5 MPH) (infield hit)
Batting: RHB Charles Marcel 0-0: Ball
1-0: Foul Ball, location: 2F
1-1: Called Strike
1-2: Foul Ball, location: 2F
1-2: Grounds into double play, 5-4-3 (Groundball, 56, EV 86.9 MPH)
Batting: RHB Anibal Casteles 0-0: Ball
1-0: Foul Ball, location: 2F
1-1: Foul Ball, location: 2F
1-2: Ball
2-2: Foul Ball, location: 2F
2-2: Ground out 5-3 (Groundball, 56S, EV 82.5 MPH)
Bottom of the 2nd over - 0 runs, 1 hit, 0 errors, 0 left on base; Arkansas 0 - Akron 0
TOP OF THE 3RD
Arkansas Travelers batting - Pitching for Akron RubberDucks : RHP Chris DeVall
Batting: LHB Justin Balthazor 0-0: Called Strike
0-1: Ball
1-1: Ball
2-1: Fly out, F9 (Line Drive, 9S, EV 88.8 MPH)
Batting: RHB Timoleon Tsikouna 0-0: Ball
1-0: Ball
2-0: Called Strike
2-1: Ball
3-1: Called Strike
3-2: Foul Ball, location: 2F
3-2: Foul Ball, location: 2F
3-2: Strikes out swinging, 2-3 out at first.
Batting: LHB Barrfhionn O'Toole 0-0: Swinging Strike
0-1: Swinging Strike
0-2: Strikes out swinging
Top of the 3rd over - 0 runs, 0 hits, 0 errors, 0 left on base; Arkansas 0 - Akron 0
BOTTOM OF THE 3RD
Akron RubberDucks batting - Pitching for Arkansas Travelers : RHP Tim Anderson
Batting: RHB George Wagner 0-0: Ball
1-0: Swinging Strike
1-1: Swinging Strike
1-2: Ball
2-2: Strikes out swinging
Batting: RHB Mitch Boyd 0-0: Ball
1-0: Fly out, F6 (Popup, 6, EV 58.1 MPH)
Batting: SHB Jarrod Lindblad 0-0: Ball
1-0: Ground out 6-3 (Groundball, 6M, EV 104.4 MPH)
Bottom of the 3rd over - 0 runs, 0 hits, 0 errors, 0 left on base; Arkansas 0 - Akron 0
TOP OF THE 4TH
Arkansas Travelers batting - Pitching for Akron RubberDucks : RHP Chris DeVall
Batting: LHB Larry Prey 0-0: Foul Ball, location: 2F
0-1: Called Strike
0-2: Strikes out looking
Batting: LHB Griffin Ferris 0-0: SINGLE (Groundball, 34D, EV 106.2 MPH)
Batting: LHB Mark Reeg 0-0: Ball
1-0: Ball
2-0: Ball
3-0: Called Strike
3-1: Called Strike
3-2: Strikes out swinging
Batting: SHB Mario Padron 0-0: Ball
1-0: Called Strike
1-1: Ball
2-1: Foul Ball, location: 2F
2-2: SINGLE (Line Drive, 7LS, EV 88.1 MPH)
Griffin Ferris to second
Batting: RHB Juan Montez 0-0: Foul Ball, location: 2F
0-1: Foul Ball, location: 2F
0-2: Ball
1-2: Fielders Choice at 2nd, 6-4 (Groundball, 6, EV 108.1 MPH)
Top of the 4th over - 0 runs, 2 hits, 0 errors, 2 left on base; Arkansas 0 - Akron 0
BOTTOM OF THE 4TH
Akron RubberDucks batting - Pitching for Arkansas Travelers : RHP Tim Anderson
Batting: SHB Valentin Laporte 0-0: Ball
1-0: Ball
2-0: Called Strike
2-1: Ball
3-1: Called Strike
3-2: Foul Ball, location: 2F
3-2: Foul Ball, location: 2F
3-2: SINGLE (Groundball, 56D, EV 102.5 MPH)
Batting: RHB Tristan Wright 0-0: Called Strike
0-1: Ball
1-1: Swinging Strike
1-2: Ball
2-2: TRIPLE (Flyball, 89XD, EV 108.1 MPH)
Valentin Laporte scores
Batting: LHB Esteban Cordova 0-0: Ball
1-0: Foul Ball, location: 2F
1-1: Swinging Strike
1-2: Strikes out swinging
Batting: RHB Justin Lauderdale 0-0: Ground out 6-3 (Groundball, 6S, EV 89.4 MPH)
Tristan Wright scores
Batting: RHB Charles Marcel 0-0: Ball
1-0: Called Strike
1-1: Swinging Strike
1-2: Ball
2-2: Ball
3-2: Base on Balls
Batting: RHB Anibal Casteles 0-0: Ground out U3 (Groundball, 3S, EV 85.0 MPH)
Bottom of the 4th over - 2 runs, 2 hits, 0 errors, 1 left on base; Arkansas 0 - Akron 2
TOP OF THE 5TH
Arkansas Travelers batting - Pitching for Akron RubberDucks : RHP Chris DeVall
Batting: RHB Ryuji Ito 0-0: Called Strike
0-1: Foul Ball, location: 2F
0-2: Foul Ball, location: 2F
0-2: Ball
1-2: Foul Ball, location: 2F
1-2: Foul Ball, location: 2F
1-2: Strikes out swinging
Batting: LHB Justin Balthazor 0-0: Fly out, F8 (Flyball, 8RXD, EV 77.5 MPH)
Batting: RHB Timoleon Tsikouna 0-0: Ball
1-0: Foul Ball, location: 2F
1-1: Ball
2-1: Called Strike
2-2: Ball
3-2: Base on Balls
Batting: LHB Barrfhionn O'Toole 0-0: Ball
1-0: Fly out, F7 (Flyball, 7S, EV 86.2 MPH)
Top of the 5th over - 0 runs, 0 hits, 0 errors, 1 left on base; Arkansas 0 - Akron 2
BOTTOM OF THE 5TH
Akron RubberDucks batting - Pitching for Arkansas Travelers : RHP Tim Anderson
Batting: RHB George Wagner 0-0: Called Strike
0-1: Ball
1-1: Ball
2-1: Ball
3-1: SINGLE (Groundball, 4M, EV 91.9 MPH) (infield hit)
Batting: RHB Mitch Boyd 0-0: Called Strike
George Wagner is caught stealing 2nd base 2-4
0-1: Foul Ball, location: 2F
0-2: Ball
1-2: Ball
2-2: Ball
3-2: Fly out, F9 (Flyball, 9D, EV 96.2 MPH)
Batting: SHB Jarrod Lindblad 0-0: Foul Ball, location: 2F
0-1: Ball
1-1: Foul Ball, location: 2F
1-2: Strikes out swinging
Bottom of the 5th over - 0 runs, 1 hit, 0 errors, 0 left on base; Arkansas 0 - Akron 2
TOP OF THE 6TH
Arkansas Travelers batting - Pitching for Akron RubberDucks : RHP Chris DeVall
Batting: LHB Larry Prey 0-0: Ball
1-0: Ball
2-0: Swinging Strike
2-1: Foul Ball, location: 2F
2-2: SINGLE (Groundball, 25, EV 71.2 MPH) (infield hit)
Batting: LHB Griffin Ferris 0-0: Ball
1-0: SINGLE (Groundball, 34S, EV 83.1 MPH) (infield hit)
Larry Prey to second
Batting: LHB Mark Reeg 0-0: Foul Ball, location: 2F
0-1: Called Strike
0-2: Foul Ball, location: 2F
0-2: Ball
1-2: Foul Ball, location: 2F
1-2: Ball
2-2: Ball
3-2: Strikes out looking
Batting: SHB Mario Padron 0-0: Foul Ball, location: 2F
0-1: Foul Ball, location: 2F
0-2: Ball
1-2: Ball
2-2: Fielders Choice at 2nd, 4-6 (Groundball, 4, EV 80.6 MPH)
Larry Prey to third
Batting: RHB Juan Montez 0-0: Called Strike
0-1: Ball
1-1: Ball
2-1: Fielders Choice at 2nd, 5-4 (Groundball, 56, EV 98.8 MPH)
Top of the 6th over - 0 runs, 2 hits, 0 errors, 2 left on base; Arkansas 0 - Akron 2
BOTTOM OF THE 6TH
Akron RubberDucks batting - Pitching for Arkansas Travelers : RHP Tim Anderson
Batting: SHB Valentin Laporte 0-0: Swinging Strike
0-1: Foul Ball, location: 2F
0-2: Ball
1-2: Ball
2-2: Foul Ball, location: 2F
2-2: Ball
3-2: Ground out 6-3 (Groundball, 6, EV 86.9 MPH)
Batting: RHB Tristan Wright 0-0: Called Strike
0-1: Ball
1-1: SINGLE (Line Drive, 89S, EV 86.2 MPH)
Batting: LHB Esteban Cordova 0-0: Ball
1-0: Called Strike
Tristan Wright is caught stealing 2nd base 2-6
1-1: Ball
2-1: Foul Ball, location: 2F
2-2: Ball
3-2: Strikes out swinging, 2-3 out at first.
Bottom of the 6th over - 0 runs, 1 hit, 0 errors, 0 left on base; Arkansas 0 - Akron 2
TOP OF THE 7TH
Arkansas Travelers batting - Pitching for Akron RubberDucks : RHP Chris DeVall
Pitching: RHP Jim Averette
Now at 2B: Rico Coss
Batting: RHB Ryuji Ito 0-0: Ball
1-0: Called Strike
1-1: Ball
2-1: Ball
3-1: Base on Balls
Batting: LHB Justin Balthazor 0-0: Foul Ball, location: 2F
0-1: Called Strike
0-2: Ball
1-2: Ball
2-2: Grounds into double play, 4-6-3 (Groundball, 4, EV 86.9 MPH)
Batting: RHB Timoleon Tsikouna 0-0: Ball
1-0: Ball
2-0: SINGLE (Groundball, 4D, EV 101.9 MPH)
Batting: LHB Barrfhionn O'Toole 0-0: Ball
1-0: Called Strike
1-1: Swinging Strike
1-2: Strikes out looking
Top of the 7th over - 0 runs, 1 hit, 0 errors, 1 left on base; Arkansas 0 - Akron 2
BOTTOM OF THE 7TH
Akron RubberDucks batting - Pitching for Arkansas Travelers : RHP Tim Anderson
Pitching: LHP Bryan Payne
Batting: RHB Justin Lauderdale 0-0: Called Strike
0-1: Swinging Strike
0-2: Strikes out looking
Batting: RHB Charles Marcel 0-0: Called Strike
0-1: Called Strike
0-2: Ball
1-2: Strikes out swinging
Batting: RHB Anibal Casteles 0-0: Called Strike
0-1: Ball
1-1: Ball
2-1: Foul Ball, location: 2F
2-2: Strikes out looking
Bottom of the 7th over - 0 runs, 0 hits, 0 errors, 0 left on base; Arkansas 0 - Akron 2
TOP OF THE 8TH
Arkansas Travelers batting - Pitching for Akron RubberDucks : RHP Jim Averette
Batting: LHB Larry Prey 0-0: Swinging Strike
0-1: Ball
1-1: Called Strike
1-2: Fly out, F8 (Flyball, 8LM, EV 77.5 MPH)
Batting: LHB Griffin Ferris 0-0: Ball
1-0: Foul Ball, location: 2F
1-1: Ground out 4-3 (Groundball, 4, EV 109.4 MPH)
Batting: LHB Mark Reeg 0-0: Called Strike
0-1: Swinging Strike
0-2: Ball
1-2: Strikes out looking
Top of the 8th over - 0 runs, 0 hits, 0 errors, 0 left on base; Arkansas 0 - Akron 2
BOTTOM OF THE 8TH
Akron RubberDucks batting - Pitching for Arkansas Travelers : LHP Bryan Payne
Batting: RHB George Wagner 0-0: Ball
1-0: Called Strike
1-1: Ball
2-1: Fly out, F9 (Flyball, 9, EV 83.8 MPH)
Batting: RHB Mitch Boyd 0-0: SINGLE (Groundball, P, EV 85.0 MPH) (infield hit)
Batting: SHB Jarrod Lindblad 0-0: Ball
1-0: Swinging Strike
1-1: Foul Ball, location: 2F
1-2: Ball
2-2: Grounds into double play, 6-4-3 (Groundball, 6, EV 81.9 MPH)
Bottom of the 8th over - 0 runs, 1 hit, 0 errors, 0 left on base; Arkansas 0 - Akron 2
TOP OF THE 9TH
Arkansas Travelers batting - Pitching for Akron RubberDucks : RHP Jim Averette
Pitching: RHP Juan Flores
Batting: SHB Mario Padron 0-0: Ball
1-0: Ball
2-0: Foul Ball, location: 2F
2-1: Called Strike
2-2: Ball
3-2: Strikes out swinging
Batting: RHB Juan Montez 0-0: Fly out, F8 (Flyball, 8RS, EV 89.4 MPH)
Batting: RHB Ryuji Ito 0-0: Ball
1-0: Ball
2-0: Foul Ball, location: 2F
2-1: Ball
3-1: Foul Ball, location: 2F
3-2: Base on Balls
Batting: LHB Justin Balthazor 0-0: Ball
1-0: Ground out 4-3 (Groundball, 34D, EV 101.2 MPH)
Top of the 9th over - 0 runs, 0 hits, 0 errors, 1 left on base; Arkansas 0 - Akron 2
Tuesday, March 28th , 2023 - OOTP Baseball 23.10 Build 110